 Dungeon Crawl Stone Soup version 0.22-a0-603-gfc1114d (webtiles) character file.

2279 twistedcrescendo the Basher (level 9, -9/127 HPs)
             Began as a Minotaur Berserker on July 7, 2018.
             Was a Priest of Trog.
             Mangled by an orc warrior
             ... wielding a +0 morningstar
              (19 damage)
             ... on level 7 of the Dungeon.
             The game lasted 00:26:06 (6257 turns).

twistedcrescendo the Basher (Minotaur Berserker)    Turns: 6257, Time: 00:26:07

Health: -9/127     AC:  6    Str: 27    XL:     9   Next: 16%
Magic:  8/8        EV: 12    Int:  4    God:    Trog [***...]
Gold:   324        SH:  0    Dex: 13    Spells: 8/8 levels left

rFire    . . .     SeeInvis +   y - +6 war axe "Xomnus" {chop, SInv}
rCold    . . .     Gourm    .   (no shield)
rNeg     . . .     Faith    .   d - +0 ring mail
rPois    .         Spirit   .   (helmet restricted)
rElec    .         Reflect  .   M - +0 cloak (curse)
rCorr    .         Harm     .   (no gloves)
MR       ++...                  (no boots)
Stlth    ..........             (no amulet)
HPRegen  1.31/turn              r - ring of see invisible
MPRegen  0.11/turn              (no ring)

@: berserking, starving, regenerating, very quick
A: retaliatory headbutt, horns 2
a: Berserk, Trog's Hand, Renounce Religion


You were on level 7 of the Dungeon.
You worshipped Trog.
Trog was most pleased with you.
You were starving.

You visited 1 branch of the dungeon, and saw 7 of its levels.

You collected 360 gold pieces.
You spent 36 gold pieces at shops.

Inventory:

Hand Weapons
 y - the +6 war axe "Xomnus" (weapon) {chop, SInv}
   (You found it on level 4 of the Dungeon)

   It inflicts extra damage upon your enemies.
   It lets you see invisible.
 A - a +1 whip of electrocution
 F - a +0 morningstar
 L - a +2 quarterstaff of chaos
Armour
 a - a +0 plate armour
 d - a +0 ring mail (worn)
 M - a cursed +0 cloak (worn)
Jewellery
 r - a ring of see invisible (left hand)
Wands
 e - a wand of polymorph (30)
 C - a wand of disintegration (9)
 G - a wand of clouds (3)
 H - a wand of enslavement (13)
Scrolls
 j - a scroll of fog {unknown}
 l - 3 scrolls of magic mapping {unknown}
 m - a scroll of amnesia {unknown}
 n - 3 scrolls of enchant armour {unknown}
 o - a scroll of enchant weapon {unknown}
 p - 3 scrolls of remove curse {unknown}
 q - 2 scrolls of random uselessness {unknown}
 s - 2 scrolls of teleportation {unknown}
 v - a scroll of noise {unknown}
 B - 2 scrolls of identify
Potions
 f - a potion of brilliance
 g - a potion of cancellation
 h - a potion of heal wounds
 i - 2 potions of degeneration
 k - 2 potions of flight
 t - a potion of haste
 u - 3 potions of agility
 w - a potion of might
 x - a potion of invisibility {unknown}
 z - 2 potions of mutation
 E - 2 potions of lignification
 I - a potion of curing
 J - a potion of ambrosia {unknown}
Comestibles
 b - 3 chunks of flesh
 c - 13 rations


   Skills:
 + Level 9.8 Fighting
 + Level 11.7 Maces & Flails
 - Level 2.4 Armour
 - Level 2.1 Dodging


You had 8 spell levels left.
You didn't know any spells.
Your spell library contained the following spells:

 Spells                   Type           Power        Failure   Level  Hunger
 Confuse                  Hex            #.......     94%         3    ####...
 Confusing Touch          Hex            #.....       63%         1    ##.....
 Metabolic Englaciation   Hex/Ice        #.........   100%        5    ######.
 Petrify                  Tmut/Erth      #.......     100%        4    #####..
 Gell's Gravitas          Tloc           #.........   94%         3    ####...
 Yara's Violent Unravell  Hex/Tmut       #.........   100%        5    ######.


Dungeon Overview and Level Annotations

Branches:
Dungeon (7/15)             Temple (0/1) D:5

Altars:
Yredelemnul

Shops:
D:5 !


Innate Abilities, Weirdness & Mutations

You reflexively headbutt those who attack you in melee.
You have a pair of horns on your head.


Message History

The orc warrior is lightly wounded.
The orc warrior hits you with a morningstar!
You barely miss the orc warrior. Your headbutt misses the orc warrior.
The orc warrior is lightly wounded.
The orc warrior misses you. You furiously retaliate!
You headbutt the orc warrior, but do no damage.
You closely miss the orc warrior.
The orc warrior is lightly wounded.
The orc warrior hits you with a morningstar!
* * * LOW HITPOINT WARNING * * *
Your skin crawls.
You feel resistant to hostile enchantments.
You feel somewhat more hungry.
The orc warrior hits you with a morningstar!
* * * LOW HITPOINT WARNING * * *
A red film seems to cover your vision as you go berserk!
You feel yourself moving faster!
You feel mighty!
You are starving!
The orc warrior hits you with a morningstar!!
You die...

..# #.. #
#..
##.#.#####
..#.....#
#...#...
#.#.#.###
#..o....####
###@#.#....#
#)#....#.#
#)#....#.#
#.(.#....#
#####.####
#......#
######.# #.#
#.#


You could see an orc warrior.

Vanquished Creatures
  Pikel (D:4)
  Grinder (D:4)
  Sigmund (D:6)
  An orc warrior (D:6)
  2 ogres
  2 centaurs
  Blork the orc (D:4)
  A bullfrog (D:6)
  2 scorpions
  2 crimson imps (D:5)
  A bullfrog zombie (D:5)
  A jelly (D:5)
  A gnoll shaman (D:5)
  Crazy Yiuf (D:6)
  6 orc priests
  A bullfrog skeleton (D:5)
  A centaur skeleton (D:5)
  A hound (D:5)
  4 orc wizards
  Ijyb (D:5)
  2 worker ants (D:6)
  9 gnolls
  An adder (D:3)
  A shadow imp (D:6)
  An ooze (D:4)
  2 worms
  A dart slug (D:1)
  3 leopard geckos (D:1)
  13 orcs
  4 bats (D:1)
  3 giant cockroaches
  10 goblins
  5 hobgoblins
  7 jackals
  4 kobolds
  3 quokkas
  A ball python (D:1)
  8 frilled lizards
  A jackal zombie (D:5)
  4 rats
115 creatures vanquished.

Vanquished Creatures (others)
  A slave (D:4)
1 creature vanquished.

Grand Total: 116 creatures vanquished

Notes
Turn   | Place    | Note
-------+----------+-------------------------------------------
     0 | D:1      | twistedcrescendo the Minotaur Berserker began the quest for the Orb.
     0 | D:1      | Reached XP level 1. HP: 19/19 MP: 0/0
   268 | D:1      | Reached skill level 4 in Maces & Flails
   308 | D:1      | Reached XP level 2. HP: 23/27 MP: 1/1
   660 | D:1      | Reached XP level 3. HP: 32/34 MP: 2/2
   791 | D:1      | Reached ** piety under Trog
  1597 | D:2      | Reached skill level 5 in Maces & Flails
  2193 | D:3      | Reached XP level 4. HP: 37/41 MP: 3/3
  2225 | D:3      | Reached skill level 6 in Maces & Flails
  2233 | D:3      | Reached XP level 5. HP: 25/47 MP: 4/4
  2865 | D:4      | Found a basalt altar of Yredelemnul.
  2907 | D:4      | Got a jewelled war axe
  2926 | D:4      | Noticed Grinder
  2928 | D:4      | Paralysed by Grinder for 3 turns
  2932 | D:4      | Paralysed by Grinder for 4 turns
  2944 | D:4      | Killed Grinder
  2944 | D:4      | Reached skill level 8 in Maces & Flails
  2944 | D:4      | Reached XP level 6. HP: 19/53 MP: 5/5
  3167 | D:4      | Identified the +6 war axe "Xomnus" {chop, SInv} (You found it on level 4 of the Dungeon)
  3248 | D:4      | Noticed Blork the orc
  3249 | D:4      | Noticed a slave
  3250 | D:4      | Noticed Pikel
  3253 | D:4      | Killed Blork the orc
  3253 | D:4      | Noticed a slave
  3255 | D:4      | Noticed a slave
  3266 | D:4      | Killed Pikel
  3266 | D:4      | Reached skill level 9 in Maces & Flails
  3266 | D:4      | Reached XP level 7. HP: 11/64 MP: 6/6
  3843 | D:5      | Entered Level 5 of the Dungeon
  3869 | D:5      | Reached XP level 8. HP: 71/73 MP: 7/7
  3890 | D:5      | Reached skill level 10 in Maces & Flails
  4153 | D:5      | Noticed Ijyb
  4159 | D:5      | Killed Ijyb
  4269 | D:5      | Reached *** piety under Trog
  4348 | D:5      | Found a staircase to the Ecumenical Temple.
  4468 | D:5      | Found Kuqil's Distillery.
  4471 | D:5      | Bought a potion of curing for 36 gold pieces
  5025 | D:6      | Reached skill level 11 in Maces & Flails
  5047 | D:6      | Found a runed door.
  5051 | D:6      | Noticed Crazy Yiuf
  5056 | D:6      | Killed Crazy Yiuf
  5414 | D:6      | Reached XP level 9. HP: 84/84 MP: 8/8
  5701 | D:6      | Noticed Sigmund
  5714 | D:6      | Killed Sigmund
  6257 | D:7      | Mangled by an orc warrior

Vault maps used:
D:1:      sevenhm_arrival_forest_fort_large_4, serial_park_tiny_2
D:2:      kennysheep_big_flooded_room
D:3:      first_ration
D:4:      yredelemnul_altar_generic, uniq_blork_the_orc, uniq_pikel,
          uniq_grinder
D:5:      minmay_temple_entry_nine_rooms, serial_shops,
          nicolae_shop_window_shopping, uniq_ijyb
D:6:      uniq_crazy_yiuf_cottage, uniq_sigmund
D:7:      cheibrodos_iron_armory, serial_shops, shop, fedhas_altar_3

Skill      XL: |  1  2  3  4  5  6  7  8 |
---------------+-------------------------+-----
Fighting       | 4 6 7 9 |  9.8
Maces & Flails | 4 5 6 8 9 11 | 11.7
Armour         | |  2.4
Dodging        | |  2.1

Action                   |  1- 3 |  4- 6 |  7- 9 || total
-------------------------+-------+-------+-------++-------
Melee: Mace              |   105 |    35 |       ||   140
       Headbutt          |    15 |     9 |    17 ||    41
       War axe           |       |    14 |   108 ||   122
Invok: Berserk           |     1 |     1 |     3 ||     5
       Trog's Hand       |       |       |     3 ||     3
  Use: Scroll            |       |     9 |     3 ||    12
  Eat: Chunk             |     5 |     3 |    12 ||    20
Armor: Ring mail         |    34 |    13 |    22 ||    69
       Animal skin       |     2 |       |       ||     2
Dodge: Dodged            |    63 |    29 |    61 ||   153

Table legend:
 A = Spawn XP
 B = Non-spawn XP
 C = Spawn XP percentage of total XP
 D = Spawn monster count
 E = Non-spawn monster count
 F = Spawn count percentage of total count
 G = Total turns spent on level
                    A         B        C        D         E        F      G
               +---------+---------+-------+---------+---------+-------+---------
         Total |       0 |    3257 |   0.0 |       0 |     115 |   0.0 |  6257
               +---------+---------+-------+---------+---------+-------+---------
           D:1 |       0 |      57 |   0.0 |       0 |      23 |   0.0 |  1171
           D:2 |       0 |      32 |   0.0 |       0 |      19 |   0.0 |   897
           D:3 |       0 |     158 |   0.0 |       0 |      15 |   0.0 |   784
           D:4 |       0 |    1106 |   0.0 |       0 |       5 |   0.0 |   991
           D:5 |       0 |     689 |   0.0 |       0 |      24 |   0.0 |   684
           D:6 |       0 |    1028 |   0.0 |       0 |      23 |   0.0 |  1676
           D:7 |       0 |     187 |   0.0 |       0 |       6 |   0.0 |    54
               +---------+---------+-------+---------+---------+-------+---------
